 Dungeon Crawl Stone Soup version 0.15-a0-1646-g393eda0 (webtiles) character file.

676 Kenran the Basher (level 7, -7/70 HPs)
             Began as an Ogre Berserker on June 22, 2014.
             Was an Elder of Trog.
             Mangled by an ogre
             ... wielding a +0 giant club
              (16 damage)
             ... on Level 5 of the Dungeon.
             The game lasted 00:11:58 (4831 turns).

Kenran the Basher (Ogre Berserker)                  Turns: 4831, Time: 00:11:58

HP  -7/70        AC  7     Str 23      XL: 7   Next: 59%
MP   7/7         EV 10     Int  6      God: Trog [****..]
Gold 191         SH  0     Dex 11      Spells:  0 memorised,  6 levels left

rFire  . . .     SeeInvis .     a - +0 mace
rCold  . . .     Clarity  +     b - +0 animal skin
rNeg   . . .     rCorr    .     (shield restricted)
rPois  .         rRot     .     (helmet restricted)
rElec  .         Spirit   .     o - +1 cloak
SustAb .         Warding  .     (gloves unavailable)
rMut   .         Stasis   .     (boots unavailable)
Gourm  .                        c - amulet of clarity
MR     .....                    (no ring)
                                j - +2 ring of protection

@: not resistant to hostile enchantments, very unstealthy
A: unfitting armour, tough skin 1
a: Burn Spellbooks, Berserk, Trog's Hand, Brothers in Arms, Renounce Religion


You were on level 5 of the Dungeon.
You worshipped Trog.
Trog was greatly pleased with you.
You were not hungry.

You visited 1 branch of the dungeon, and saw 5 of its levels.

You collected 191 gold pieces.

Inventory:

Hand weapons
 a - a +0 mace (weapon)
Armour
 b - a +0 animal skin (worn)
 o - a +1 cloak (worn)
Magical devices
 s - a wand of draining (6) {unknown}
Comestibles
 f - 2 bread rations
 h - a beef jerky
Scrolls
 g - 2 scrolls of remove curse
 i - 2 scrolls of fear
 m - 2 scrolls of magic mapping
 q - 3 scrolls of enchant armour
 r - a scroll of identify
Jewellery
 c - an amulet of clarity (around neck)
 j - a +2 ring of protection (left hand)
Potions
 d - a potion of confusion {unknown}
 e - 2 potions of curing
 k - a potion of brilliance {unknown}
 l - 2 potions of haste
 n - a potion of mutation {unknown}
 p - a potion of heal wounds


   Skills:
 - Level 4.0 Fighting
 + Level 11.1 Maces & Flails
 - Level 2.9 Dodging


You had 6 spell levels left.
You didn't know any spells.

Dungeon Overview and Level Annotations

Branches:
Dungeon (5/15)             Temple (0/1) D:4

Altars:
Cheibriados
Trog


Innate Abilities, Weirdness & Mutations

You are too large for most types of armour.
You have tough skin (AC +1).


Message History

The ogre is severely wounded.
The ogre hits you with a giant club.
You barely miss the ogre.
The ogre is severely wounded.
The ogre hits you with a giant club!
You closely miss the ogre.
The ogre is severely wounded.
You hit the ogre.
The ogre is severely wounded.
The ogre hits you with a giant club!
You hit the ogre.
The ogre is severely wounded.
The ogre hits you with a giant club!!
* * * LOW HITPOINT WARNING * * *
You hit the ogre.
The ogre is almost dead.
You hit the ogre.
The ogre is almost dead.
The ogre hits you with a giant club!
You die...

. # #.#.# # .....
. #.# #.#.# #..
+............
..#.#.#.#.#
.........
.#+##.#.#O#.#....
.........@........
...)#.#<#.#.#....
#.....+ #.....#
#.....# #.....#
#.....# #.....#
#.....


You could see an ogre.

Vanquished Creatures
  The ghost of valor the Covered, an average HOFi (D:4)
  An ogre (D:4)
  Sigmund (D:4)
  A scorpion (D:4)
  Crazy Yiuf (D:4)
  2 orc wizards
  2 worker ants (D:4)
  Ijyb (D:2)
  Terence (D:3)
  6 adders
  A giant mite (D:3)
  An iguana skeleton (D:2)
  5 giant geckos
  2 oozes
  12 orcs
  7 bats
  4 giant cockroaches (D:2)
  5 goblins
  4 hobgoblins
  4 jackals
  6 kobolds
  2 quokkas (D:3)
  3 ball pythons
  10 giant newts
  10 rats
93 creatures vanquished.

Notes
Turn   | Place    | Note
--------------------------------------------------------------
     0 | D:1      | Kenran, the Ogre Berserker, began the quest for the Orb.
     0 | D:1      | Reached XP level 1. HP: 24/24 MP: 1/1
   167 | D:1      | Reached XP level 2. HP: 29/32 MP: 2/2
   402 | D:1      | Reached skill level 5 in Maces & Flails
   866 | D:2      | Acquired Trog's second power
   886 | D:2      | Reached XP level 3. HP: 35/39 MP: 3/3
   947 | D:2      | Noticed Ijyb
   956 | D:2      | Killed Ijyb
  1051 | D:2      | Reached skill level 6 in Maces & Flails
  1605 | D:3      | Reached XP level 4. HP: 48/48 MP: 4/4
  2043 | D:3      | Reached skill level 7 in Maces & Flails
  2055 | D:3      | Noticed Terence
  2064 | D:3      | Killed Terence
  2143 | D:3      | Reached XP level 5. HP: 54/54 MP: 5/5
  2278 | D:3      | Found a bloodstained altar of Trog.
  2649 | D:3      | Reached skill level 8 in Maces & Flails
  2904 | D:4      | Found a staircase to the Ecumenical Temple.
  2914 | D:4      | Noticed Sigmund
  2918 | D:4      | Noticed an ogre
  2921 | D:4      | Killed an ogre
  2921 | D:4      | Reached XP level 6. HP: 50/62 MP: 6/6
  2925 | D:4      | Killed Sigmund
  2925 | D:4      | Reached skill level 9 in Maces & Flails
  3385 | D:4      | Noticed valor's ghost (average HOFi)
  3401 | D:4      | Killed valor's ghost
  3401 | D:4      | Reached skill level 10 in Maces & Flails
  3401 | D:4      | Reached XP level 7. HP: 60/70 MP: 7/7
  3792 | D:4      | Noticed Crazy Yiuf
  3798 | D:4      | Killed Crazy Yiuf
  4016 | D:4      | Acquired Trog's third power
  4025 | D:4      | Found a snail-covered altar of Cheibriados.
  4187 | D:4      | Reached skill level 11 in Maces & Flails
  4816 | D:5      | Entered Level 5 of the Dungeon
  4831 | D:5      | Mangled by an ogre

Action                   |  1- 3 |  4- 6 |  7- 9 || total
-------------------------+-------+-------+-------++-------
Melee: Mace              |   131 |   136 |    80 ||   347
Invok: Burn Spellbooks   |     1 |       |       ||     1
       Berserk           |     1 |     3 |       ||     4
  Use: Scroll            |     6 |       |     3 ||     9
       Potion            |       |     1 |       ||     1
